| TOP OF THE 1ST |
|
Roswell Invaders batting - Pitching for Tijuana Toros : RHP Balinda Msrah
|
|
Pitching: RHP Balinda Msrah
|
|
|
Batting: RHB Orlando Florez
|
0-0: Ball 1-0: Called Strike 1-1: Foul Ball, location: 2F 1-2: Ball 2-2: Ball 3-2: SINGLE (Groundball, 6MD, EV 99.4 MPH)
|
|
Batting: SHB Ethan Newby
|
0-0: Called Strike 0-1: Ball 1-1: Foul Ball, location: 2F 1-2: Strikes out swinging
|
|
Batting: LHB Dallas Kelly
|
0-0: Ball 1-0: Ball 2-0: Called Strike 2-1: Ball 3-1: Fly out, F8 (Flyball, 8LM, EV 90.0 MPH)
|
|
Batting: RHB Mike Swift
|
0-0: Ball 1-0: Swinging Strike 1-1: Swinging Strike 1-2: Foul Ball, location: 2F 1-2: Strikes out swinging
|
| Top of the 1st over - 0 runs, 1 hit, 0 errors, 1 left on base; Roswell 0 - Tijuana 0 |
| BOTTOM OF THE 1ST |
|
Tijuana Toros batting - Pitching for Roswell Invaders : RHP John Palumbo
|
|
Pitching: RHP John Palumbo
|
|
|
Batting: RHB Theo Schepers
|
0-0: Called Strike 0-1: Foul Ball, location: 2F 0-2: Ball 1-2: Foul Ball, location: 2F 1-2: Foul Ball, location: 2F 1-2: SOLO HOME RUN (Flyball, 7LD, EV 94.4 MPH), Distance : 359 ft
|
|
Batting: LHB Steve Pond
|
0-0: Called Strike 0-1: Called Strike 0-2: Strikes out swinging
|
|
Batting: RHB Chad Rojas
|
0-0: Ball 1-0: Ball 2-0: Swinging Strike 2-1: Ball 3-1: SOLO HOME RUN (Flyball, 7D, EV 100.6 MPH), Distance : 378 ft
|
|
Batting: LHB Nate Kee
|
0-0: Ball 1-0: Foul Ball, location: 2F 1-1: SOLO HOME RUN (Flyball, 8LXD, EV 110.0 MPH), Distance : 446 ft
|
|
Batting: RHB Pat Adams
|
0-0: Ball 1-0: Ball 2-0: Called Strike 2-1: SINGLE (Line Drive, 5D, EV 95.6 MPH)
|
|
Pitching: RHP Jake Priest
|
|
|
Batting: SHB Shane Marcum
|
0-0: Ball 1-0: Foul Ball, location: 2F 1-1: Swinging Strike 1-2: SINGLE (Flyball, 8RS, EV 83.1 MPH) Pat Adams to second Runner from 2nd tries for 3rd, SAFE, throw by CF made to third
|
|
Batting: RHB David Watkins
|
0-0: Ball Shane Marcum steals 2nd base (no throw) 1-0: Ball 2-0: Swinging Strike 2-1: Called Strike 2-2: Ball 3-2: SINGLE (Groundball, 56D, EV 101.9 MPH) Pat Adams scores Shane Marcum to third Runner from 3rd tries for Home, SAFE, throw by LF to home
|
|
Batting: RHB Will Barksdale
|
0-0: Fielders Choice at 2nd, 5-4 (Groundball, 56, EV 87.5 MPH)
|
|
Batting: RHB Ruben Irizarry
|
0-0: Foul Ball, location: 2F 0-1: Ball 1-1: Foul Ball, location: 2F 1-2: Foul Ball, location: 2F 1-2: Ball 2-2: Foul Ball, location: 2F 2-2: Ball 3-2: SINGLE (Groundball, 6MD, EV 105.0 MPH) Will Barksdale to second Will Barksdale to third
|
|
Pitching: RHP Jeff Whaley
|
|
|
Batting: RHB Theo Schepers
|
0-0: Ball 1-0: SINGLE (Groundball, 34S, EV 76.2 MPH) (infield hit) Will Barksdale scores Ruben Irizarry to second
|
|
Batting: LHB Steve Pond
|
0-0: Ball 1-0: Fly out, F7 (Line Drive, 7, EV 100.0 MPH)
|
| Bottom of the 1st over - 6 runs, 8 hits, 0 errors, 2 left on base; Roswell 0 - Tijuana 6 |
| TOP OF THE 2ND |
|
Roswell Invaders batting - Pitching for Tijuana Toros : RHP Balinda Msrah
|
|
Batting: RHB Josh Burrows
|
0-0: Foul Ball, location: 2F 0-1: Ground out 1-3 (Groundball, P, EV 63.8 MPH)
|
|
Batting: LHB Josh Thomas
|
0-0: Swinging Strike 0-1: Ball 1-1: Called Strike 1-2: Ball 2-2: SINGLE (Groundball, 4MD, EV 101.2 MPH)
|
|
Batting: RHB Cody Savastand
|
0-0: Called Strike 0-1: Ball 1-1: Called Strike 1-2: Foul Ball, location: 2F 1-2: Ball 2-2: Strikes out swinging
|
|
Pitching: RHP Alfredo Sanchez
|
|
|
Batting: LHB Afanasy Apatenko
|
0-0: Ball 1-0: Called Strike 1-1: Foul Ball, location: 2F 1-2: Foul Ball, location: 2F 1-2: Strikes out looking
|
| Top of the 2nd over - 0 runs, 1 hit, 0 errors, 1 left on base; Roswell 0 - Tijuana 6 |
| BOTTOM OF THE 2ND |
|
Tijuana Toros batting - Pitching for Roswell Invaders : RHP Jeff Whaley
|
|
Batting: RHB Chad Rojas
|
0-0: Fly out, F8 (Line Drive, 8RM, EV 103.8 MPH)
|
|
Batting: LHB Nate Kee
|
0-0: Ball 1-0: Called Strike 1-1: Foul Ball, location: 2F 1-2: Foul Ball, location: 2F 1-2: Strikes out swinging
|
|
Batting: RHB Pat Adams
|
0-0: Fly out, F9 (Line Drive, 9, EV 108.1 MPH)
|
| Bottom of the 2nd over - 0 runs, 0 hits, 0 errors, 0 left on base; Roswell 0 - Tijuana 6 |
| TOP OF THE 3RD |
|
Roswell Invaders batting - Pitching for Tijuana Toros : RHP Alfredo Sanchez
|
|
Batting: LHB Falco van Koeveringe
|
0-0: Foul Ball, location: 2F 0-1: Called Strike 0-2: Ball 1-2: Strikes out swinging
|
|
Batting: RHB Orlando Florez
|
0-0: Called Strike 0-1: Ball 1-1: Ball 2-1: Swinging Strike 2-2: Strikes out swinging
|
|
Batting: SHB Ethan Newby
|
0-0: Foul Ball, location: 2F 0-1: Swinging Strike 0-2: Strikes out swinging
|
| Top of the 3rd over - 0 runs, 0 hits, 0 errors, 0 left on base; Roswell 0 - Tijuana 6 |
| BOTTOM OF THE 3RD |
|
Tijuana Toros batting - Pitching for Roswell Invaders : RHP Jeff Whaley
|
|
Batting: SHB Shane Marcum
|
0-0: Ball 1-0: Fly out, F6 (Popup, 6, EV 68.1 MPH)
|
|
Batting: RHB David Watkins
|
0-0: Called Strike 0-1: Ball 1-1: Ball 2-1: SINGLE (Flyball, 34D, EV 86.9 MPH)
|
|
Batting: RHB Will Barksdale
|
0-0: Ball 1-0: SINGLE (Groundball, 34D, EV 100.0 MPH) David Watkins to second
|
|
Pitching: LHP Jeff Haight
|
|
|
Batting: RHB Ruben Irizarry
|
0-0: Foul Ball, location: 2F 0-1: Ball 1-1: Ball 2-1: Ball 3-1: Base on Balls David Watkins to third Will Barksdale to second
|
|
Batting: RHB Theo Schepers
|
0-0: Called Strike 0-1: Foul Ball, location: 2F 0-2: Foul Ball, location: 2F 0-2: Foul Ball, location: 2F 0-2: Hit by Pitch David Watkins scores Will Barksdale to third Ruben Irizarry to second
|
|
Batting: LHB Steve Pond
|
0-0: Called Strike 0-1: Ball 1-1: Foul Ball, location: 2F 1-2: Foul Ball, location: 2F 1-2: Foul Ball, location: 2F 1-2: Foul Ball, location: 2F 1-2: Ball 2-2: Foul Ball, location: 2F 2-2: Foul Ball, location: 2F 2-2: Grounds into double play, 4-6-3 (Groundball, 4M, EV 85.0 MPH)
|
| Bottom of the 3rd over - 1 run, 2 hits, 0 errors, 2 left on base; Roswell 0 - Tijuana 7 |
| TOP OF THE 4TH |
|
Roswell Invaders batting - Pitching for Tijuana Toros : RHP Alfredo Sanchez
|
|
Batting: LHB Dallas Kelly
|
0-0: Swinging Strike 0-1: Ball 1-1: Foul Ball, location: 2F 1-2: Ball 2-2: Strikes out swinging
|
|
Batting: RHB Mike Swift
|
0-0: Swinging Strike 0-1: Swinging Strike 0-2: Ball 1-2: Fly out, F6 (Popup, 6, EV 64.4 MPH)
|
|
Batting: RHB Josh Burrows
|
0-0: Ball 1-0: Called Strike 1-1: Ball 2-1: Foul Ball, location: 2F 2-2: Ball 3-2: Fly out, F8 (Flyball, 78M, EV 85.6 MPH)
|
| Top of the 4th over - 0 runs, 0 hits, 0 errors, 0 left on base; Roswell 0 - Tijuana 7 |
| BOTTOM OF THE 4TH |
|
Tijuana Toros batting - Pitching for Roswell Invaders : LHP Jeff Haight
|
|
Pitching: RHP Jaylen Hatten
|
|
|
Batting: RHB Chad Rojas
|
0-0: Swinging Strike 0-1: Ball 1-1: Foul Ball, location: 2F 1-2: Strikes out looking
|
|
Batting: LHB Nate Kee
|
0-0: Ball 1-0: Ball 2-0: Called Strike 2-1: Swinging Strike 2-2: Ball 3-2: Base on Balls
|
|
Batting: RHB Pat Adams
|
0-0: Ball 1-0: Ball 2-0: Ball 3-0: Base on Balls Nate Kee to second
|
|
Batting: SHB Shane Marcum
|
0-0: Ball 1-0: Ball 2-0: Called Strike 2-1: Ball 3-1: Base on Balls Nate Kee to third Pat Adams to second
|
|
Batting: RHB David Watkins
|
0-0: Called Strike 0-1: Ball 1-1: Ball 2-1: Fielders Choice at 2nd, 6-4 (Groundball, 6MD, EV 88.8 MPH) Nate Kee scores Pat Adams to third
|
|
Batting: RHB Will Barksdale
|
0-0: Called Strike 0-1: Foul Ball, location: 2F 0-2: Strikes out looking
|
| Bottom of the 4th over - 1 run, 0 hits, 0 errors, 2 left on base; Roswell 0 - Tijuana 8 |
| TOP OF THE 5TH |
|
Roswell Invaders batting - Pitching for Tijuana Toros : RHP Alfredo Sanchez
|
|
Batting: LHB Josh Thomas
|
0-0: Ball 1-0: Ball 2-0: Foul Ball, location: 2F 2-1: Swinging Strike 2-2: Ball 3-2: Foul Ball, location: 2F 3-2: Strikes out looking
|
|
Batting: RHB Cody Savastand
|
0-0: Called Strike 0-1: Called Strike 0-2: Ball 1-2: Ball 2-2: Strikes out looking
|
|
Batting: LHB Afanasy Apatenko
|
0-0: Ball 1-0: Swinging Strike 1-1: Swinging Strike 1-2: Strikes out swinging
|
| Top of the 5th over - 0 runs, 0 hits, 0 errors, 0 left on base; Roswell 0 - Tijuana 8 |
| BOTTOM OF THE 5TH |
|
Tijuana Toros batting - Pitching for Roswell Invaders : RHP Jaylen Hatten
|
|
Batting: RHB Ruben Irizarry
|
0-0: Called Strike 0-1: Ball 1-1: Ball 2-1: Fly out, F8 (Flyball, 8LM, EV 78.8 MPH)
|
|
Batting: RHB Theo Schepers
|
0-0: Ball 1-0: Foul Ball, location: 2F 1-1: Foul Ball, location: 2F 1-2: Ball 2-2: Ball 3-2: Strikes out looking
|
|
Batting: LHB Steve Pond
|
0-0: Ball 1-0: Ball 2-0: Ball 3-0: Called Strike 3-1: Swinging Strike 3-2: Strikes out swinging
|
| Bottom of the 5th over - 0 runs, 0 hits, 0 errors, 0 left on base; Roswell 0 - Tijuana 8 |
| TOP OF THE 6TH |
|
Roswell Invaders batting - Pitching for Tijuana Toros : RHP Alfredo Sanchez
|
|
Pitching: RHP Seved Landgre
|
|
|
Batting: LHB Falco van Koeveringe
|
0-0: Called Strike 0-1: Swinging Strike 0-2: Strikes out looking
|
|
Batting: RHB Orlando Florez
|
0-0: Ball 1-0: Foul Ball, location: 2F 1-1: Ball 2-1: Called Strike 2-2: Strikes out swinging
|
|
Batting: SHB Ethan Newby
|
0-0: Ball 1-0: Called Strike 1-1: Foul Ball, location: 2F 1-2: Strikes out swinging, 2-3 out at first.
|
| Top of the 6th over - 0 runs, 0 hits, 0 errors, 0 left on base; Roswell 0 - Tijuana 8 |
| BOTTOM OF THE 6TH |
|
Tijuana Toros batting - Pitching for Roswell Invaders : RHP Jaylen Hatten
|
|
Batting: RHB Chad Rojas
|
0-0: Ball 1-0: Ball 2-0: DOUBLE (Groundball, 5L, EV 95.0 MPH)
|
|
Batting: LHB Nate Kee
|
0-0: Ball 1-0: Called Strike 1-1: Foul Ball, location: 2F 1-2: SINGLE (Groundball, 25, EV 65.0 MPH) (infield hit) Chad Rojas to third
|
|
Batting: RHB Pat Adams
|
0-0: SINGLE (Flyball, 8RS, EV 97.5 MPH) Chad Rojas scores Nate Kee to second
|
|
Batting: SHB Shane Marcum
|
0-0: Called Strike 0-1: Called Strike 0-2: Ball 1-2: Ball 2-2: SINGLE (Line Drive, 6D, EV 111.9 MPH) Nate Kee to third Pat Adams to second
|
|
Batting: RHB David Watkins
|
0-0: Called Strike 0-1: Ball Wild Pitch! Nate Kee scores Pat Adams to third Shane Marcum to second 1-1: Ball 2-1: Called Strike 2-2: Ball 3-2: Base on Balls
|
|
Pitching: LHP Travis Osorio
|
|
|
Batting: RHB Will Barksdale
|
0-0: Ball Wild Pitch! Pat Adams scores Shane Marcum to third David Watkins to second 1-0: Ball 2-0: Swinging Strike 2-1: Called Strike 2-2: Ball 3-2: Strikes out looking
|
|
Batting: RHB Ruben Irizarry
|
0-0: Ball 1-0: Ball 2-0: 3-RUN HOME RUN (Flyball, 7D, EV 102.5 MPH), Distance : 390 ft
|
|
Batting: RHB Theo Schepers
|
0-0: Called Strike 0-1: SINGLE (Flyball, 78S, EV 81.9 MPH)
|
|
Batting: LHB Steve Pond
|
0-0: Ball 1-0: Ball 2-0: Ball 3-0: Called Strike 3-1: Grounds into double play, 4-6-3 (Groundball, 4MS, EV 78.1 MPH)
|
| Bottom of the 6th over - 6 runs, 6 hits, 0 errors, 0 left on base; Roswell 0 - Tijuana 14 |
| TOP OF THE 7TH |
|
Roswell Invaders batting - Pitching for Tijuana Toros : RHP Seved Landgre
|
|
Batting: LHB Dallas Kelly
|
0-0: Called Strike 0-1: Ball 1-1: Foul Ball, location: 2F 1-2: Strikes out looking
|
|
Batting: RHB Mike Swift
|
0-0: Ball 1-0: Ball 2-0: Ground out 5-3 (Groundball, 56S, EV 63.1 MPH)
|
|
Batting: RHB Josh Burrows
|
0-0: Ball 1-0: Ball 2-0: Ball 3-0: Called Strike 3-1: Called Strike 3-2: Foul Ball, location: 2F 3-2: Strikes out swinging
|
| Top of the 7th over - 0 runs, 0 hits, 0 errors, 0 left on base; Roswell 0 - Tijuana 14 |
| BOTTOM OF THE 7TH |
|
Tijuana Toros batting - Pitching for Roswell Invaders : LHP Travis Osorio
|
|
Batting: RHB Chad Rojas
|
0-0: Ball 1-0: Ball 2-0: Called Strike 2-1: SINGLE (Groundball, 4M, EV 105.6 MPH) (infield hit)
|
|
Pitching: LHP Henry Torres
|
|
|
Pinch Hitting: RHB Djoka Subasic
|
0-0: Fly out, F8 (Flyball, 8LD, EV 93.8 MPH)
|
|
Batting: RHB Justin Curran
|
0-0: Foul Ball, location: 2F 0-1: Ball 1-1: Fly out, F8 (Flyball, 8RM, EV 82.5 MPH)
|
|
Batting: SHB Shane Marcum
|
0-0: Ball 1-0: Ball 2-0: Swinging Strike 2-1: Ball 3-1: 2-RUN HOME RUN (Flyball, 7LD, EV 92.5 MPH), Distance : 369 ft
|
|
Batting: RHB David Watkins
|
0-0: Ball 1-0: Ball 2-0: Foul Ball, location: 2F 2-1: Ball 3-1: Called Strike 3-2: Base on Balls
|
|
Batting: RHB Will Barksdale
|
Pickoff Throw to First - Out! 1-3
|
| Bottom of the 7th over - 2 runs, 2 hits, 0 errors, 0 left on base; Roswell 0 - Tijuana 16 |
| TOP OF THE 8TH |
|
Roswell Invaders batting - Pitching for Tijuana Toros : RHP Seved Landgre
|
|
Now at 2B: Djoka Subasic
|
|
|
Batting: LHB Josh Thomas
|
0-0: Ground out 5-3 (Groundball, 56, EV 99.4 MPH)
|
|
Batting: RHB Cody Savastand
|
0-0: Foul Ball, location: 2F 0-1: Ball 1-1: Foul Ball, location: 2F 1-2: Ball 2-2: Strikes out swinging
|
|
Batting: LHB Afanasy Apatenko
|
0-0: Swinging Strike 0-1: Ball 1-1: Swinging Strike 1-2: Strikes out swinging
|
| Top of the 8th over - 0 runs, 0 hits, 0 errors, 0 left on base; Roswell 0 - Tijuana 16 |
| BOTTOM OF THE 8TH |
|
Tijuana Toros batting - Pitching for Roswell Invaders : LHP Henry Torres
|
|
Batting: RHB Will Barksdale
|
0-0: Ball 1-0: Ball 2-0: Fly out, F8 (Flyball, 8LS, EV 84.4 MPH)
|
|
Batting: RHB Ruben Irizarry
|
0-0: Ball 1-0: Foul Ball, location: 2F 1-1: Ball 2-1: Called Strike 2-2: SINGLE (Line Drive, 8LS, EV 111.2 MPH)
|
|
Batting: RHB Theo Schepers
|
0-0: Called Strike 0-1: SINGLE (Flyball, 5D, EV 98.1 MPH) Ruben Irizarry to second
|
|
Batting: LHB Steve Pond
|
0-0: Ball 1-0: Called Strike 1-1: Swinging Strike 1-2: Fly out, F8 (Flyball, 8LM, EV 77.5 MPH)
|
|
Batting: RHB Chad Rojas
|
0-0: Called Strike 0-1: SINGLE (Groundball, 5S, EV 71.2 MPH) (infield hit) Ruben Irizarry to third Theo Schepers to second
|
|
Batting: RHB Djoka Subasic
|
0-0: Called Strike 0-1: Fly out, F6 (Popup, 6D, EV 50.0 MPH)
|
| Bottom of the 8th over - 0 runs, 3 hits, 0 errors, 3 left on base; Roswell 0 - Tijuana 16 |
| TOP OF THE 9TH |
|
Roswell Invaders batting - Pitching for Tijuana Toros : RHP Seved Landgre
|
|
Pitching: RHP Jeff Lewis
|
|
|
Batting: LHB Falco van Koeveringe
|
0-0: Ball 1-0: Swinging Strike 1-1: Foul Ball, location: 2F 1-2: Ball 2-2: Strikes out looking
|
|
Batting: RHB Orlando Florez
|
0-0: Swinging Strike 0-1: Foul Ball, location: 2F 0-2: Ball 1-2: Strikes out swinging
|
|
Batting: SHB Ethan Newby
|
0-0: Swinging Strike 0-1: Fly out, F5 (Popup, 5, EV 83.1 MPH)
|
| Top of the 9th over - 0 runs, 0 hits, 0 errors, 0 left on base; Roswell 0 - Tijuana 16 |
|